 Dungeon Crawl Stone Soup version 0.26-a0-52-gd53d4cd058 (webtiles) character file.

Game seed: 16822045736834727904

27 Hasart the Sneak (level 3, -3/22 HPs)
             Began as a Kobold Assassin on June 6, 2020.
             Slain by an orc
             ... wielding a +0 trident
              (9 damage)
             ... on level 2 of the Dungeon.
             The game lasted 00:02:46 (970 turns).

Hasart the Sneak (Kobold Assassin)                   Turns: 970, Time: 00:02:47

Health: -3/22      AC:  3    Str:  8    XL:     3   Next: 25%
Magic:  3/3        EV: 15    Int: 12    God:
Gold:   99         SH:  0    Dex: 17    Spells: 2/2 levels left

rFire    . . .     SeeInvis .   g - +2 dagger (elec)
rCold    . . .     Gourm    .   (shield restricted)
rNeg     . . .     Faith    .   b - +0 robe
rPois    .         Spirit   .   (no helmet)
rElec    .         Reflect  .   c - +0 cloak
rCorr    .         Harm     .   (no gloves)
MR       .....                  (no boots)
Stlth    +++.......             (no amulet)
HPRegen  0.07/turn              (no ring)
MPRegen  0.08/turn              (no ring)

@: no status effects
A: small, carnivore
a: no special abilities


You were on level 2 of the Dungeon.
You were very full.

You visited 1 branch of the dungeon, and saw 2 of its levels.

You collected 99 gold pieces.

Inventory:

Hand Weapons
 g - a +2 dagger of electrocution (weapon)
Missiles
 d - 8 poisoned darts (quivered)
 e - 2 curare-tipped darts
Armour
 b - a +0 robe (worn)
 c - a +0 cloak (worn)
Jewellery
 j - a cursed ring of teleportation {unknown}
Scrolls
 a - a scroll of teleportation {unknown}
 i - 4 scrolls of identify {unknown}
 k - a scroll of enchant weapon {unknown}
 m - a scroll of immolation {unknown}
 n - a scroll of fear {unknown}
Potions
 h - a potion of stabbing {unknown}
 l - a potion of heal wounds {unknown}
Comestibles
 f - a ration


   Skills:
 + Level 2.5 Fighting
 * Level 3.6 Short Blades
 + Level 2.4 Throwing
 + Level 1.8 Dodging
 + Level 5.5 Stealth


You had 2 spell levels left.
You didn't know any spells.
Your spell library was empty.

Dungeon Overview and Level Annotations

Branches:
Dungeon (2/15)

Altars:


Innate Abilities, Weirdness & Mutations

You are small and have problems with some larger weapons.
You are carnivorous and can eat meat at any time.


Message History

An orc is nearby!
The orc shouts!
You hear a shout! x3
You hit the orc. Lightning courses through the orc!
You kill the orc!
You hear an angry hiss.
An orc priest comes into view. It is wielding a +0 flail.
The orc priest looks braver for a moment.
An orc comes into view. It is wielding a +0 trident.
The orc priest misses you.
You hit the orc priest.
The orc priest is moderately wounded.
The orc priest invokes the aid of Beogh against you.
Beogh smites you!
Ouch! That really hurt!
* * * LOW HITPOINT WARNING * * *
You hear a shout!
You hit the orc priest.
The orc priest is heavily wounded.
The orc hits you from afar with a +0 trident!
You die...

##.##..........#.#...#
#..#..............(..
#..................
###..............#
......?...........#
.###...........<..#
.#......).......#
#................#
#...#.o.@(.....#.#
#...####o#######.# #..
...# .# #. #.#### # #


You could see an orc priest and an orc.

Vanquished Creatures
  An orc (D:2)
  4 bats
  2 giant cockroaches (D:1)
  2 ball pythons (D:1)
  5 goblins (D:1)
  5 kobolds (D:1)
  9 rats (D:1)
28 creatures vanquished.

Notes
Turn   | Place    | Note
-------+----------+-------------------------------------------
     0 | D:1      | Hasart the Kobold Assassin began the quest for the Orb.
     0 | D:1      | Reached XP level 1. HP: 12/12 MP: 1/1
   128 | D:1      | Reached XP level 2. HP: 17/17 MP: 2/2
   718 | D:1      | Reached XP level 3. HP: 16/22 MP: 3/3
   970 | D:2      | Slain by an orc

Illustrated notes

Levels and vault maps discovered:
D:1:      lightli_arrival_statuegarden, layout_basic, minmay_cut_off
D:2:      layout_rooms, okawaru_gym_becter

Skill      XL: |  1 |
---------------+----+-----
Short Blades   | 3 |  3.6
Fighting       | |  2.5
Throwing       | |  2.4
Dodging        | |  1.8
Stealth        | |  5.5

Action                   || total
-------------------------++-------
Melee: Dagger            ||    69
 Stab: Sleeping          ||     6
  Eat: Chunk             ||     8
Armor: Robe              ||    15
Dodge: Dodged            ||    45

Table legend:
 A = Non-vault XP
 B = Vault XP
 C = Vault XP percentage of total XP
 D = Non-vault monster count
 E = Vault monster count
 F = Vault count percentage of total count
                 A         B        C        D         E       F
            +---------+---------+-------+---------+---------+-------
      Total |      38 |       1 |   2.6 |      27 |       1 |   3.6
            +---------+---------+-------+---------+---------+-------
        D:1 |      34 |       1 |   2.9 |      25 |       1 |   3.8
        D:2 |       4 |       0 |   0.0 |       2 |       0 |   0.0
            +---------+---------+-------+---------+---------+-------
